 Dungeon Crawl Stone Soup version 0.25-a0-875-geaba134f46 (webtiles) character file.

Game seed: 367428154243377484, levelgen mode: classic

42 EnegeticOcto the Skirmisher (level 3, -5/26 HPs)
             Began as an Octopode Fighter on May 1, 2020.
             Slain by a worm (8 damage)
             ... on level 2 of the Dungeon.
             The game lasted 00:00:28 (937 turns).

EnegeticOcto the Skirmisher (Octopode Fighter)       Turns: 937, Time: 00:00:28

Health: -5/26      AC:  1    Str: 16    XL:     3   Next: 56%
Magic:  3/3        EV: 11    Int: 10    God:
Gold:   43         SH:  8    Dex: 11    Spells: 2/2 levels left

rFire    . . .     SeeInvis .   a - +0 long sword
rCold    . . .     Gourm    .   b - +0 kite shield
rNeg     . . .     Faith    .   (helmet restricted)
rPois    .         Spirit   .   (no amulet)
rElec    .         Reflect  .   h - ring of protection from magic
rCorr    .         Harm     .   (no ring)
MR       +....                  (no ring)
Stlth    ++........             (no ring)
HPRegen  0.08/turn              (no ring)
MPRegen  0.08/turn              (no ring)
                                (no ring)
                                (no ring)

@: lethally poisoned (-5 -> -9)
A: almost no armour, stealthy swim, amphibious, 8 rings, constrict 8, camouflage
1, gelatinous body 1
a: no special abilities


You were on level 2 of the Dungeon.
You were not hungry.

You visited 1 branch of the dungeon, and saw 2 of its levels.

You collected 43 gold pieces.

Inventory:

Hand Weapons
 a - a +0 long sword (weapon)
Missiles
 d - a throwing net (quivered)
Armour
 b - a +0 kite shield (worn)
Jewellery
 h - a ring of protection from magic (left tentacle)
Scrolls
 c - 4 scrolls of identify {unknown}
 g - a scroll of remove curse {unknown}
 j - a scroll of teleportation {unknown}
 m - a scroll of noise {unknown}
 n - a scroll of fear {unknown}
 o - a scroll of enchant weapon {unknown}
 p - a scroll of magic mapping {unknown}
Potions
 i - a potion of heal wounds {unknown}
 k - a potion of might {@q3}
 l - a potion of haste {unknown}
 q - a potion of curing {unknown}
Comestibles
 e - 5 rations
 f - a chunk of flesh


   Skills:
 + Level 3.4 Fighting
 * Level 3.0 Long Blades
 - Level 3.0 Dodging
 + Level 3.3 Shields


You had 2 spell levels left.
You didn't know any spells.
Your spell library was empty.

Dungeon Overview and Level Annotations

Branches:
Dungeon (2/15)

Altars:


Innate Abilities, Weirdness & Mutations

You cannot wear most types of armour.
You are very stealthy in the water. (Stealth+)
You are amphibious.
You can wear up to eight rings at the same time.
You can use your tentacles to constrict eight enemies at once.
Your skin changes colour to match your surroundings (Stealth+).
Your rubbery body absorbs attacks. (AC +1, EV +1)


Message History

A frilled lizard is nearby!
A frilled lizard is nearby!
A frilled lizard is nearby!
You see here a leather armour.
No target in view!
No target in view!
No target in view!
No target in view!
No target in view!
No target in view!
No target in view!
The frilled lizard is too close now for your liking.
A frilled lizard is nearby!
A frilled lizard is nearby!
A frilled lizard is nearby!
A frilled lizard is nearby!
The frilled lizard barely misses you.
You barely miss the frilled lizard. Your grab misses the frilled lizard.
The frilled lizard bites you but does no damage.
You barely miss the frilled lizard. Your grab misses the frilled lizard.
You squeeze the frilled lizard.
You kill the frilled lizard!
No target in view!
No target in view!
No target in view!
No target in view!
No target in view!
A worm comes into view.
You see here a frilled lizard corpse.
A worm is nearby!
A worm is nearby!
A worm is nearby!
A worm is nearby!
A worm is nearby!
An adder comes into view.
A quokka comes into view.
Found a bubbling silvery potion.
The adder hisses angrily.
Found a scroll labeled INTEXT MIGOEGH.
The adder closely misses you.
You riposte.
You closely miss the adder. Your grab misses the adder.
The worm barely misses you.
Found a scroll labeled HEJ DOEQIYRPH and 16 stones.
You slash the adder! Your grab misses the adder.
The adder is almost dead.
The adder bites you. You block the quokka's attack.
You block the adder's attack.
You miss the adder. Your grab misses the adder. Your squeeze misses the adder.
The adder is almost dead.
The quokka bites you. The adder closely misses you.
You block the worm's attack. You block the quokka's attack.
You closely miss the adder. Your grab misses the adder.
The adder is almost dead.
The adder barely misses you. You block the quokka's attack.
The adder bites you. The worm bites you. The quokka bites you.
You are too injured to fight recklessly!
You are too injured to fight recklessly!
You are too injured to fight recklessly!
You are too injured to fight recklessly!
You are too injured to fight recklessly!
You are too injured to fight recklessly!
You are too injured to fight recklessly!
You are too injured to fight recklessly!
You are too injured to fight recklessly!
You are too injured to fight recklessly!
You are too injured to fight recklessly!
You are too injured to fight recklessly!
You are too injured to fight recklessly!
You are too injured to fight recklessly!
You are too injured to fight recklessly!
You are too injured to fight recklessly!
You are too injured to fight recklessly!
The adder barely misses you.
You miss the adder. Your grab misses the adder.
The adder is almost dead.
You block the adder's attack.
You miss the adder. Your grab misses the adder.
The adder is almost dead.
You block the adder's attack. x2
You barely miss the adder. Your grab misses the adder.
Your squeeze misses the adder.
The adder is almost dead.
The adder barely misses you. The adder bites you.
* * * LOW HITPOINT WARNING * * *
You are poisoned.
The adder poisons you!
Your shield prevents you from hitting the adder.
You grab the adder. You squeeze the adder.
You kill the adder!
Your Long Blades skill increases to level 3!
You feel sick. The quokka bites you.
* * * LOW HITPOINT WARNING * * *
You closely miss the quokka. Your grab misses the quokka.
The quokka closely misses you.
You riposte.
You hit the quokka.
You kill the quokka!
Some of the chunks of flesh in your inventory have rotted away.
You hit the worm. You grab the worm. You squeeze the worm!
The worm is severely wounded.
You constrict the worm.
* * * LOW HITPOINT WARNING * * *
You feel sick. The worm bites you!
You die...

#.### #.....##
# ##. #.#..##
#.. ##.#.##
#.######..#.#
##.##..[..##.#
#..†..######.#
#..###### #..
#.......# #..
##@####.# ..#
#w# #.#
....^....?.....
...........####
.....!.....#
..........##
...?......#
..........#
......(...#


You could see a worm.

Vanquished Creatures
  An adder (D:2)
  2 leopard geckos (D:1)
  6 bats
  A giant cockroach (D:1)
  2 goblins (D:1)
  6 hobgoblins (D:1)
  2 jackals (D:1)
  A quokka (D:2)
  2 frilled lizards
  2 kobolds (D:1)
  3 rats (D:1)
28 creatures vanquished.

Notes
Turn   | Place    | Note
-------+----------+-------------------------------------------
     0 | D:1      | EnegeticOcto the Octopode Fighter began the quest for the
                  | Orb.
     0 | D:1      | Reached XP level 1. HP: 16/16 MP: 1/1
   102 | D:1      | Reached XP level 2. HP: 21/21 MP: 2/2
   448 | D:1      | Reached XP level 3. HP: 26/26 MP: 3/3
   937 | D:2      | Slain by a worm

Levels and vault maps discovered:
D:1:      elethiomel_arrival_shortcut, layout_rooms, minmay_misc_feat_alley,
          minmay_misc_feat_hallway, minmay_splitting_lines, minivault_19
D:2:      layout_rooms, grunt_temple_overflow_forces_of_nature, st_stairs_8,
          hangedman_abyss_or_decor_stabs, uniq_terence

Skill      XL: |  1  2  3 |
---------------+----------+-----
Long Blades    | 3 |  3.0
Fighting       | |  3.4
Dodging        | |  3.0
Shields        | |  3.3

Action                   || total
-------------------------++-------
Melee: Long sword        ||    55
       Constrict         ||    18
       Tentacles         ||    14
 Stab: Sleeping          ||     5
Armor: Skin              ||     8
Dodge: Dodged            ||    23
Block: Kite shield       ||    29
       Rpst.: Long sword ||     5

Table legend:
 A = Non-vault XP
 B = Vault XP
 C = Vault XP percentage of total XP
 D = Non-vault monster count
 E = Vault monster count
 F = Vault count percentage of total count
                 A         B        C        D         E       F
            +---------+---------+-------+---------+---------+-------
      Total |      61 |       0 |   0.0 |      28 |       0 |   0.0
            +---------+---------+-------+---------+---------+-------
        D:1 |      44 |       0 |   0.0 |      24 |       0 |   0.0
        D:2 |      17 |       0 |   0.0 |       4 |       0 |   0.0
            +---------+---------+-------+---------+---------+-------
